 Dungeon Crawl Stone Soup version 0.29-a0-459-g97dee8cd24 (webtiles) character file.

Game seed: 7850931275270670938

74 spiderkeys the Skirmisher (level 4, -4/35 HPs)
             Began as a Mummy Abyssal Knight on May 20, 2022.
             Was a Priest of Lugonu.
             Killed from afar by Sigmund (7 damage)
             ... with a puff of flame
             ... on level 2 of the Dungeon.
             The game lasted 00:02:27 (2051 turns).

spiderkeys the Skirmisher (Mummy Abyssal Knight)    Turns: 2051, Time: 00:02:28

Health: -4/35      AC:  9    Str: 18    XL:     4   Next: 10%
Magic:  5/5        EV:  7    Int:  9    God:    Lugonu [***...]
Gold:   84         SH:  0    Dex: 12    Spells: 3/3 levels left

rFire   x . .      SeeInvis +   f - +0 trident
rCold   + . .      Faith    .   (no shield)
rNeg    + + +      Spirit   .   j - +0 chain mail
rPois   ∞          Reflect  .   i - +0 helmet
rElec   .          Harm     .   (no cloak)
rCorr   .          Rampage  .   (no gloves)
Will    .....                   (no boots)
Stlth   ..........              (no amulet)
HPRegen 0.11/turn               v - ring of see invisible
MPRegen 0.09/turn               (no ring)

@: no status effects
A: cold resistance 1, negative energy resistance 3, torment resistance 2, heat
vulnerability 1, in touch with death 1, no potions
a: Renounce Religion, Depart the Abyss, Bend Space, Banish


You were on level 2 of the Dungeon.
You worshipped Lugonu.
Lugonu was most pleased with you.
You visited 1 branch of the dungeon, and saw 2 of its levels.
You visited the Abyss 1 time.

You collected 84 gold pieces.


Innate Abilities, Weirdness & Mutations

You are immune to poison.
Your flesh is cold resistant. (rC+)
You are immune to negative energy. (rN+++)
You are immune to unholy pain and torment.
You are vulnerable to heat. (rF-)
You are in touch with the powers of death.
You do not drink.


   Skills:
 + Level 3.5 Fighting
 + Level 2.2 Polearms
 + Level 2.2 Armour
 - Level 1.0 Dodging
 + Level 2.3 Invocations


You had 3 spell levels left.
You didn't know any spells.
Your spell library was empty.

Inventory:

Hand Weapons
 a - a +1 spear
 f - a +0 trident (weapon)
   (You found it on level 1 of the Dungeon)
Missiles
 c - 41 stones
 g - 6 poisoned darts
Armour
 b - a +0 leather armour
 d - a +0 leather armour
   (You found it on level 1 of the Dungeon)
 e - a +0 ring mail
   (You found it on level 1 of the Dungeon)
 i - a +0 helmet (worn)
   (You found it on level 2 of the Dungeon)
 j - a +0 chain mail (worn)
   (You found it on level 2 of the Dungeon)
Jewellery
 v - a ring of see invisible (left hand)
   (You found it on level 2 of the Dungeon)
Scrolls
 h - a scroll of poison

Dungeon Overview and Level Annotations

Branches:
Dungeon (2/15)

Altars:
Kikubaaqudgha

Annotations:
D:2 Sigmund

#....#.#.# #...#####
##.#.##.gg###........
..................### .#
##)##...########.## ###.#
...##...### ####.##......
#..##.g@..# #.....#......
#......##.###...†.......
#..#...# .##..._..#.....
..##...##.##....@..######
.........$.....@))......#
####)....$...#...######..
##..##>.#....)<....#
#..###......)........
#..# #..##.##########
#..# ##[... .... ....#
..... ##.#


You could see Sigmund.


Message History

The goblin hits you with a +0 club. The goblin hits you but does no damage.
The goblin closely misses you. 😕 HP[-6]
You take 6 damage, and now have 23/29 hp.
MASSIVE DAMAGE!! (PAUSE)
The goblin shouts!
You hit the goblin.
You kill the goblin!
Lugonu accepts your kill. The goblin hits you but does no damage.
You have reached level 4! 😕 HP[+5] MP[+1]
You now have 35 max hp (+6).
You regained 5 hp, and now have 28/35 hp.
Your mp is fully restored (5).
You closely miss the goblin. The goblin hits you but does no damage.
You puncture the goblin!
You kill the goblin!
Lugonu accepts your kill.
There is a stone staircase leading up here. 😕 HP[+1]
You climb upwards.
There is a stone staircase leading down here.
You start resting. 😎 HP[+6]
Your hp is fully restored (35).
You climb downwards.
Level annotation: Sigmund The goblin hits you but does no damage. x2
There is a stone staircase leading up here.
You hit the goblin.
You kill the goblin!
Lugonu accepts your kill. The goblin hits you but does no damage.
You hit the goblin.
You kill the goblin!
Lugonu accepts your kill. The dart slug launches a dart at you.
The slug dart hits you but does no damage.
The dart slug launches a dart at you. The slug dart hits you. 😕 HP[-3]
You take 3 damage, and now have 32/35 hp.
Sigmund screams, "Die, monster!"
Things that are here:
a +0 club; a goblin corpse 😕 HP[+1]
You puncture the dart slug! The dart slug bites you. 😕 HP[-1]
You take 1 damage, and now have 32/35 hp.
You hit the dart slug.
You kill the dart slug!
Lugonu accepts your kill. Sigmund gestures at you while chanting.
You are confused.
Sigmund hits you from afar with a +2 scythe of holy wrath!
You convulse!
* * * LOW HITPOINT WARNING * * *
There is an ancient bone altar of Kikubaaqudgha here. 😨 HP[-18]
You take 18 damage, and now have 14/35 hp.
MASSIVE DAMAGE!! (PAUSE)
Okay, then.
Sigmund says, "Don't worry, I'll kill you fast."
You see here a +0 club.
You're too confused to move!
Sigmund hits you from afar with a +2 scythe of holy wrath.
* * * LOW HITPOINT WARNING * * *
You convulse.
* * * LOW HITPOINT WARNING * * *
😨 HP[-3]
You take 3 damage, and now have 11/35 hp.
You feel less confused.
Press: ? - help, Shift-Dir - straight line, f - Sigmund
Aim: Sigmund, wielding a +2 scythe of holy wrath and wearing a +0 robe (chance to affect: 85%)
You fail to use your ability.
Sigmund barely misses you.
Press: ? - help, Shift-Dir - straight line, f/p - Sigmund
Aim: Sigmund, wielding a +2 scythe of holy wrath and wearing a +0 robe (chance to affect: 85%)
You fail to use your ability.
Sigmund hits you with a +2 scythe of holy wrath!
* * * LOW HITPOINT WARNING * * *
You convulse.
* * * LOW HITPOINT WARNING * * *
😱 HP[-8]
You take 8 damage, and now have 3/35 hp.
MASSIVE DAMAGE!! (PAUSE)
Press: ? - help, Shift-Dir - straight line, f/p - Sigmund
Aim: Sigmund, wielding a +2 scythe of holy wrath and wearing a +0 robe (chance to affect: 85%)
You fail to use your ability.
Press: ? - help, Shift-Dir - straight line, f/p - Sigmund
Aim: Sigmund, wielding a +2 scythe of holy wrath and wearing a +0 robe (chance to affect: 85%)
You fail to use your ability.
Sigmund completely misses you.
Press: ? - help, Shift-Dir - straight line, f/p - Sigmund
Aim: Sigmund, wielding a +2 scythe of holy wrath and wearing a +0 robe (chance to affect: 85%)
You fail to use your ability.
Sigmund gestures at you while chanting. The puff of flame hits you!
The fire burns you terribly!
You die...

Skill      XL: |  1  2 |
---------------+-------+-----
Dodging        | 1 |  1.0
Polearms       | 2 |  2.2
Armour         | 2 |  2.2
Invocations    | 2 |  2.3
Fighting       | |  3.5

Action                   |  1- 3 |  4- 6 || total
-------------------------+-------+-------++-------
Melee: Spear             |    40 |       ||    40
       Trident           |   102 |     6 ||   108
       Punch             |     2 |       ||     2
  Use: Scroll            |     3 |       ||     3
 Stab: Sleeping          |     1 |       ||     1
Armor: Leather armour    |    18 |       ||    18
       Chain mail        |    73 |     5 ||    78
Dodge: Dodged            |    81 |     2 ||    83

Levels and vault maps discovered:
D:1:      wander_arrival_estate, layout_basic, serial_co_window_serial,
          co_window_corner_a, co_window_corner_a, co_window_paths_b,
          co_window_of_opportunity_a, co_window_paths_a, co_window_cross_1,
          co_window_corner_a, co_window_paths_a, co_window_paths_a,
          co_window_paths_c, co_window_corner_ca, co_window_paths_c,
          co_window_of_opportunity_b, glass_columns_c
D:2:      layout_rooms, basic_altar, uniq_terence, uniq_robin, uniq_sigmund

Notes
Turn   | Place    | Note
-------+----------+-------------------------------------------
     0 | Abyss:1  | spiderkeys the Mummy Abyssal Knight began the quest for the
                  | Orb.
     0 | Abyss:1  | Reached XP level 1. HP: 18/18 MP: 2/2
     0 | Abyss:1  | magus.rc [v1.11.3]
     3 | Abyss:1  | Found a corrupted altar of Lugonu.
    11 | D:1      | You pass through the gate.
    11 | D:1      | Escaped the Abyss
   103 | D:1      | Reached skill level 1 in Dodging
   106 | D:1      | Reached XP level 2. HP: 9/24 MP: 3/3
   806 | D:1      | You fall into a shaft and drop 1 floor!
   903 | D:2      | Noticed Sigmund
   933 | D:1      | Reached skill level 2 in Polearms
   933 | D:1      | Reached skill level 2 in Armour
   933 | D:1      | Reached skill level 2 in Invocations
   933 | D:1      | Gained mutation: You are in touch with the powers of death.
                  | [Mummy growth]
   933 | D:1      | Reached XP level 3. HP: 22/29 MP: 4/4
  1538 | D:2      | Found an ancient bone altar of Kikubaaqudgha.
  1646 | D:2      | Noticed Robin
  1665 | D:1      | Reached *** piety under Lugonu
  1668 | D:1      | HP: 7/29 [goblin/+0 dagger[Robin] (1)]
  1971 | D:2      | Killed Robin
  1975 | D:2      | Reached XP level 4. HP: 28/35 MP: 5/5
  2048 | D:2      | HP: 5/35 [Sigmund/+2 scythe of holy wrath (7)]
  2051 | D:2      | Killed from afar by Sigmund

Vanquished Creatures
  Robin (D:2)
  An adder (D:1)
  A dart slug (D:2)
  6 bats
  6 endoplasms (D:1)
  A giant cockroach (D:1)
  14 goblins
  4 hobgoblins (D:1)
  4 jackals (D:1)
  3 ball pythons
  5 frilled lizards (D:1)
  A kobold (D:2)
  2 rats (D:1)
49 creatures vanquished.

Table legend:
 A = Non-vault XP
 B = Vault XP
 C = Vault XP percentage of total XP
 D = Non-vault monster count
 E = Vault monster count
 F = Vault count percentage of total count
                 A         B        C        D         E       F
            +---------+---------+-------+---------+---------+-------
      Total |      71 |      36 |  33.6 |      37 |      12 |  24.5
            +---------+---------+-------+---------+---------+-------
        D:1 |      61 |      15 |  19.7 |      30 |       8 |  21.1
        D:2 |      10 |      21 |  67.7 |       7 |       4 |  36.4
            +---------+---------+-------+---------+---------+-------

Illustrated notes

Table legend:
 A = Kills in this place as a percentage of kills in entire the game.
 B = Kills by you in this place as a percentage of kills by you in the entire game.
 C = Kills by friends in this place as a percentage of kills by friends in the entire game.
 D = Other kills in this place as a percentage of other kills in the entire game.
 E = Experience gained in this place as a percentage of experience gained in the entire game.
 F = Experience gained in this place divided by the number of levels of this place that you have seen.
                   A       B       C       D       E      F
               +-------+-------+-------+-------+-------+----------------------
         Total | 100.0 | 100.0 |   N/A |   N/A | 100.0 |  35.7
       Dungeon | 100.0 | 100.0 |   N/A |   N/A | 100.0 |  53.5
               +-------+-------+-------+-------+-------+----------------------

Table legend: (Time is in decaauts)
 A = Elapsed time spent in this place.
 B = Non-inter-level travel time spent in this place.
 C = Inter-level travel time spent in this place.
 D = Time resting spent in this place.
 E = Time spent auto-exploring this place.
 F = Levels seen in this place.
 G = Mean time per level.
                   A        B        C        D        E       F      G
               +--------+--------+--------+--------+--------+-----+--------+
         Total |   2077 |   2026 |     51 |    393 |   1261 |   3 |  692.3 |
       Dungeon |   2066 |   2015 |     51 |    393 |   1259 |   2 | 1033.0 |
         Abyss |     11 |     11 |      0 |      0 |      2 |   1 |   11.0 |
               +--------+--------+--------+--------+--------+-----+--------+

Top non-repeatable levels by time:
     D:1: 1897 daAuts
     D:2: 169 daAuts
 Abyss:1: 11 daAuts
